Map: Hard Lead LE

Players

djb

  • Race: Zerg Zerg
  • League: Diamond
  • Spawn Location: 11:00

SubN - Winner!

  • Race: Zerg Zerg
  • League: Diamond
  • Spawn Location: 5:00

VOD

Have the link to the VOD?

Description

Time

  • Played on: Jan. 22, 2024, 1:26 p.m.
  • Length: 7:52
Show
View Real Time Build Order
Export as new Build Order

djb Zerg 

Build Orders: Hatch First 

Get SALT Encoding   

  12  0:01  Drone  
  13  0:14  Overlord  
  13  0:17  Drone  
  14  0:33  Drone x2  
  16  0:49  Drone x2  
  18  0:59  Extractor  
  18  1:00  Hatchery  
  16  1:16  Drone, Spawning Pool  
  16  1:20  Drone  
  16  1:25  Drone  
  18  1:32  Drone  
  19  1:42  Drone  
  20  2:02  Queen  
  22  2:17  Queen  
  22  2:19  Drone x4  
  28  2:33  Overlord  
  28  2:47  Drone, Evolution Chamber  
  28  2:53  Drone x4  
  32  3:05  Drone  
  32  3:06  Drone  
  32  3:07  Drone  
  35  3:17  Overlord  
  35  3:20  Lair  
  35  3:25  Hatchery  
  34  3:27  Overlord  
  34  3:33  Zerg Missile Weapons Level 1  
  34  3:46  Drone  
  34  3:47  Drone x5  
  34  3:48  Roach Warren  
  39  3:50  Evolution Chamber  
  38  3:57  Extractor  
  37  4:03  Drone  
  37  4:04  Drone x4  
  42  4:11  Extractor  
  42  4:12  Extractor  
  42  4:13  Drone x3  
  42  4:16  Zerg Ground Armor Level 1  
  43  4:19  Drone  
  43  4:20  Drone  
  45  4:31  Drone x3  
  48  4:44  Glial Reconstitution  
  48  4:50  Roach x2  
  48  4:51  Roach x3  
  48  4:52  Overlord  
  58  4:56  Overlord x3  
  58  5:09  Queen  
  58  5:13  Overseer  
  60  5:17  Roach x3  
  60  5:18  Roach x5  
  76  5:22  Roach  
  78  5:31  Roach  
  78  5:32  Roach  
  78  5:34  Overlord x3  
  82  5:47  Overlord x2  
  82  6:04  Roach  
  82  6:05  Roach x8  
  100  6:23  Roach  
  100  6:24  Roach x4  
  110  6:41  Overlord x3  
  110  6:49  Overlord  
  110  6:50  Overlord  
  80  7:12  Drone  
  80  7:13  Roach  
  80  7:14  Roach x11  
  105  7:25  Overlord  
  105  7:29  Ravager  
  106  7:30  Ravager x5  
  106  7:31  Ravager  
Show
View Real Time Build Order
Export as new Build Order

SubN Zerg - Winner!

Build Orders: Hatch First 

Get SALT Encoding   

  12  0:00  Drone  
  13  0:12  Overlord  
  13  0:17  Drone  
  14  0:30  Drone x2  
  16  0:46  Drone  
  17  0:52  Hatchery  
  17  0:56  Drone  
  17  0:58  Drone  
  18  1:10  Extractor  
  17  1:13  Spawning Pool  
  17  1:17  Drone  
  17  1:20  Drone  
  18  1:27  Drone  
  19  1:45  Overlord  
  19  1:59  Drone  
  19  2:00  Queen  
  22  2:03  Queen  
  22  2:07  Drone x2  
  26  2:11  Drone  
  26  2:14  Drone  
  28  2:21  Drone  
  29  2:24  Metabolic Boost  
  29  2:29  Drone  
  30  2:32  Drone  
  30  2:36  Drone  
  32  2:39  Queen  
  34  2:45  Drone  
  34  2:48  Overlord  
  35  2:59  Overlord x2  
  35  3:04  Drone  
  36  3:10  Lair  
  36  3:14  Overlord  
  36  3:17  Hatchery  
  35  3:25  Drone x5  
  40  3:33  Drone  
  41  3:36  Roach Warren  
  41  3:38  Overlord  
  40  3:43  Drone x4  
  40  3:47  Extractor  
  43  3:49  Drone, Extractor  
  43  3:51  Overlord  
  43  3:58  Evolution Chamber  
  43  4:00  Evolution Chamber  
  44  4:02  Drone x3  
  44  4:10  Queen  
  44  4:16  Drone  
  44  4:17  Drone x2  
  48  4:19  Drone  
  48  4:20  Drone x4  
  48  4:23  Overlord  
  54  4:25  Overlord  
  54  4:38  Queen  
  54  4:40  Overlord x3  
  54  4:44  Zerg Missile Weapons Level 1  
  56  4:46  Glial Reconstitution  
  56  4:51  Zerg Ground Armor Level 1  
  56  4:55  Drone  
  56  4:57  Drone x2  
  56  4:58  Drone, Extractor  
  59  5:10  Roach x2  
  59  5:11  Roach x4  
  71  5:18  Roach  
  71  5:19  Roach x2  
  77  5:24  Drone x4  
  82  5:28  Drone x3, Extractor  
  83  5:41  Ravager x3  
  86  5:47  Ravager  
  86  5:48  Overlord  
  87  5:54  Roach x3  
  93  6:04  Overlord  
  93  6:05  Overlord  
  93  6:06  Overlord x3  
  93  6:08  Roach x7  
  109  6:18  Roach  
  109  6:19  Roach x2  
  109  6:20  Ravager  
  114  6:28  Roach x3  
  114  6:29  Roach x2  
  122  6:35  Roach x4  
  130  6:45  Roach x5  
  140  6:52  Roach  
  140  6:53  Roach x3  
  146  7:05  Roach x3  
  137  7:19  Drone x5  
  137  7:20  Drone  
  143  7:24  Extractor  
  143  7:28  Zergling x4  
  143  7:29  Zergling x12  
Tags
 
Add a new tag
Caveats
  • Supply blocks, unpowered buildings, or Contaminate may cause inaccurate times.
  • Supply counts are checked every 10 seconds.